 Dungeon Crawl Stone Soup version 0.30.1-1-g62c8e00024 (webtiles) character file.

Game seed: 17866665931293910369

48420 Kranky the Spear-Bearer (level 14, -3/129 HPs)
             Began as a Minotaur Berserker on July 14, 2023.
             Was a High Priest of Trog.
             Slain by a spriggan rider
             ... wielding a +0 spear
              (22 damage)
             ... on level 5 of the Lair of Beasts.
             The game lasted 00:33:27 (18952 turns).

Kranky the Spear-Bearer (Minotaur Berserker)       Turns: 18952, Time: 00:33:28

Health: -3/129     AC: 17    Str: 33    XL:     14   Next: 12%
Magic:  13/13      EV: 14    Int:  4    God:    Trog [*****.]
Gold:   971        SH:  0    Dex: 10    Spells: 13/13 levels left

rFire   . . .        A - +7 bardiche
rCold   . . .        (shield currently unavailable)
rNeg    . . .        a - +2 scale mail {rPois}
rPois   +            U - +1 hat {Stlth+}
rElec   .            G - scarf {+Inv}
rCorr   .            R - +2 pair of gloves
SInv    .            l - +0 pair of boots
Will    +++..        (no amulet)
Stlth   +            L - +6 ring of strength
HPRegen 1.41/turn    o - ring of poison resistance
MPRegen 0.13/turn

%: no passive effects
@: strong-willed, regenerating
A: horns 2, retaliatory headbutt
a: Renounce Religion, Evoke Invisibility, Berserk, Trog's Hand, Brothers in Arms


You were on level 5 of the Lair of Beasts.
You worshipped Trog.
Trog was extremely pleased with you.
You visited 2 branches of the dungeon, and saw 16 of its levels.
You also visited: Ice Cave.

You collected 971 gold pieces.

Inventory:

Hand Weapons
 A - a +7 bardiche (weapon)
 O - a +2 scythe of freezing
Missiles
 x - 2 throwing nets (quivered)
Armour
 a - a +2 scale mail of poison resistance (worn)
 h - a +0 buckler
 l - a +0 pair of boots (worn)
 G - a scarf of invisibility (worn)
 Q - +0 ice dragon scales
 R - a +2 pair of gloves (worn)
 U - a +1 hat of stealth (worn)
Jewellery
 d - a ring of positive energy
 o - a ring of poison resistance (right hand)
 w - a ring of see invisible
 D - a +6 ring of strength
 K - a ring of ice
 L - a +6 ring of strength (left hand)
 V - an amulet of regeneration
Wands
 k - a wand of flame (32)
 r - a wand of roots (4)
 y - a wand of charming (19)
 E - a wand of acid (37)
 H - a wand of mindburst (17)
Scrolls
 c - 8 scrolls of teleportation
 e - a scroll of summoning {unknown}
 i - 4 scrolls of identify
 m - 2 scrolls of fog
 u - 2 scrolls of enchant weapon
 z - 5 scrolls of enchant armour
 S - a scroll of magic mapping
 W - a scroll of immolation
 X - a scroll of vulnerability {unknown}
 Y - 3 scrolls of brand weapon {unknown}
Potions
 g - 4 potions of brilliance
 j - 3 potions of attraction
 n - 4 potions of flight
 q - 3 potions of cancellation
 s - 5 potions of curing
 t - 2 potions of heal wounds {unknown}
 v - 2 potions of mutation
 C - 9 potions of ambrosia
 I - 8 potions of lignification
 M - a potion of berserk rage
 N - 2 potions of haste
 T - 2 potions of might {unknown}
 Z - a potion of magic {unknown}


   Skills:
 + Level 13.2 Fighting
 + Level 13.2 Polearms
 + Level 13.0 Armour
 + Level 11.8 Dodging
 + Level 11.3 Shields
 + Level 8.7 Evocations


You had 13 spell levels left.
You didn't know any spells.
Your spell library was empty.

Dungeon Overview and Level Annotations

Branches:
Dungeon (11/15)            Temple (0/1) D:6            Lair (5/5) D:9
  Swamp (0/4) Lair:2       Spider (0/4) Lair:2        Slime (0/5) Lair:4
    Orc (0/2) D:10          IceCv (visited)

Altars:
Hepliaklqana
Makhleb
Qazlal
Vehumet
Xom

Shops:
D:1 ((!   D:7 :   D:10 :

Annotations:
D:6 2 transporters, AgateBread's ghost, novice HOFE
Lair:1 1 runed translucent door, jujuben's ghost, journeyman TrWr


Innate Abilities, Weirdness & Mutations

You have a pair of horns on your head.
You reflexively headbutt those who attack you in melee.


Message History

Your Armour skill increases to level 13!
The spriggan rider blocks your attack.
You headbutt the spriggan rider.
The spriggan rider is lightly wounded.
The spriggan rider completely misses you.
Unknown command.
You barely miss the spriggan rider.
The spriggan rider is lightly wounded.
The wolf stops to sniff the ground.
The spriggan rider misses you. You furiously retaliate!
You headbutt the spriggan rider! You closely miss the spriggan rider.
Your headbutt misses the spriggan rider.
The spriggan rider is moderately wounded.
A polar bear comes into view.
The spriggan rider hits you but does no damage.
You closely miss the spriggan rider.
The polar bear growls angrily.
Your headbutt misses the spriggan rider.
The spriggan rider is moderately wounded.
You hear an angry buzzing noise.
You hear a shout!
You hear a croak.
The spriggan rider hits you with a +0 spear!
* * * LOW HITPOINT WARNING * * *
A black bear comes into view.
You hear a bellow!
You feel better.
The black bear growls angrily.
You hear a howl! x2
The spriggan rider closely misses you.
You hear a shout!
You hear a howl!
You closely miss the spriggan rider.
Your headbutt misses the spriggan rider.
The spriggan rider is moderately wounded.
The spriggan rider hits you with a +0 spear!
* * * LOW HITPOINT WARNING * * *
The spriggan rider hits you but does no damage.
Okay, then.
Your skin crawls.
You feel strong-willed.
A wolf comes into view.
The spriggan rider hits you with a +0 spear!!
You die... .......D. ## ##........ #.##Y......# ###..YY....# #.#.FYYF.).# #.YliYY.Y### ##.hYYYY.## ##hhhSiYi##

###.......#@#
#PP......####
###.P......##
#...........#
#.......P####
#..<..####
♣........#
♣♣......##
♣♣....#.


You could see 5 elephants, a spriggan rider, a polar bear, a komodo dragon
(summoned), 8 yaks, a cane toad, a water moccasin, 2 black bears, 2 spriggans
and a wolf (wandering).

Vanquished Creatures
  Rupert (Lair:4)
  Gastronok (Lair:1)
  2 hydras (Lair:5)
  2 catoblepae
  2 two-headed ogres (D:11)
  An orb spider (Lair:2)
  A lindwurm (Lair:4)
  10 elephants
  Joseph (D:7)
  2 ice statues (IceCv)
  13 cane toads
  A freezing wraith (IceCv)
  An unseen horror (D:10)
  3 komodo dragons
  Psyche (D:8)
  6 rime drakes
  4 ice devils (IceCv)
  2 trolls (D:10)
  2 polar bears (Lair:4)
  A queen bee (D:9)
  20 blink frogs
  A tyrant leech (Lair:2)
  13 dream sheep
  A dire elephant simulacrum (IceCv)
  7 wyverns
  A wraith (D:11)
  A basilisk (Lair:1)
  62 yaks
  2 steam dragons
  A death yak simulacrum (IceCv)
  A hydra simulacrum (IceCv)
  15 water moccasins
  3 swamp worms (Lair:2)
  An acid dragon (D:11)
  Duvessa (D:7)
  6 orc warriors
  A black bear (D:6)
  2 sky beasts
  2 wolves (Lair:5)
  An ice beast (D:6)
  An ogre (D:10)
  3 centaurs
  2 kobold brigands
  18 bullfrogs
  A gnoll sergeant (D:10)
  6 scorpions
  A cane toad simulacrum (IceCv)
  A two-headed ogre simulacrum (IceCv)
  8 wights
  Dowan (D:7)
  2 elephant simulacra (IceCv)
  33 killer bees (D:9)
  2 electric eels
  4 howler monkeys
  3 hounds
  15 jellies
  4 orc priests
  3 gnoll boudas
  3 sleepcaps (D:5)
  4 orc wizards
  5 iguanas
  3 troll simulacra
  6 spriggan simulacra
  A wolf simulacrum (IceCv)
  25 gnolls
  11 adders
  3 naga simulacra (IceCv)
  2 shadow imps
  4 white imps
  3 dart slugs
  29 orcs
  4 endoplasms
  2 giant cockroaches
  6 goblins
  8 hobgoblins
  4 jackals (D:5)
  4 quokkas
  8 ball pythons
  7 bats
  5 frilled lizards
  19 kobolds
  5 rats
478 creatures vanquished.

Vanquished Creatures (collateral kills)
  A reaper (IceCv)
  2 ice devils (IceCv)
  A troll (D:10)
  3 orc warriors (D:10)
  2 kobold brigands (D:10)
  A cane toad simulacrum (IceCv)
  A wolf simulacrum (IceCv)
  A gnoll (D:10)
  A white imp (IceCv)
  An orc (D:10)
14 creatures vanquished.

Grand Total: 492 creatures vanquished

Notes
Turn   | Place    | Note
-------+----------+-------------------------------------------
     0 | D:1      | Kranky the Minotaur Berserker began the quest for the Orb.
     0 | D:1      | Reached XP level 1. HP: 19/19 MP: 0/0
    17 | D:1      | Found Renleec's Weapon Emporium.
   157 | D:1      | Found Vienetu's Distillery.
   160 | D:1      | Found Seerodet's Antique Weapon Shop.
   169 | D:1      | Reached XP level 2. HP: 20/27 MP: 1/1
   342 | D:1      | Reached XP level 3. HP: 30/33 MP: 2/2
   445 | D:1      | Reached ** piety under Trog
   684 | D:2      | Found a faded altar of an unknown god.
   853 | D:2      | Found a radiant altar of Vehumet.
  1058 | D:3      | Reached XP level 4. HP: 39/41 MP: 3/3
  1140 | D:3      | Found a hazy altar of Hepliaklqana.
  1140 | D:3      | Found a burning altar of Makhleb.
  1450 | D:3      | Reached XP level 5. HP: 36/47 MP: 4/4
  2022 | D:3      | Reached skill level 5 in Fighting
  2263 | D:4      | Reached skill level 5 in Polearms
  2305 | D:4      | Reached XP level 6. HP: 56/56 MP: 5/5
  2338 | D:4      | Reached *** piety under Trog
  2842 | D:4      | Reached skill level 5 in Armour
  2842 | D:4      | Reached XP level 7. HP: 62/62 MP: 6/6
  3159 | D:5      | Entered Level 5 of the Dungeon
  3606 | D:5      | Reached skill level 5 in Dodging
  4351 | D:6      | Found a transporter.
  4351 | D:6      | Noticed AgateBread's ghost (novice HOFE)
  4351 | D:6      | Noticed a steam dragon
  4367 | D:6      | Found a staircase to the Ecumenical Temple.
  4375 | D:6      | Reached XP level 8. HP: 71/71 MP: 7/7
  4543 | D:6      | Found a transporter.
  4924 | D:7      | Reached skill level 1 in Shields
  4924 | D:7      | Reached skill level 1 in Evocations
  5011 | D:7      | Noticed Joseph
  5197 | D:7      | Killed Joseph
  5204 | D:7      | Noticed Duvessa
  5282 | D:7      | Noticed Dowan
  5287 | D:7      | Killed Duvessa
  5297 | D:7      | Killed Dowan
  5371 | D:7      | Reached XP level 9. HP: 32/80 MP: 8/8
  5717 | D:7      | Reached **** piety under Trog
  5919 | D:7      | Found Toaced's Book Shoppe.
  6637 | D:8      | Reached skill level 5 in Shields
  6637 | D:8      | Reached XP level 10. HP: 77/90 MP: 9/9
  6680 | D:8      | Noticed Psyche
  6711 | D:8      | HP: 1/81 [Psyche/chain of chaos (5)]
  6713 | D:8      | Killed Psyche
  7311 | D:8      | Identified the +3 hand axe of the Shrike {spect, Str-5
                  | Dex+7}
  7854 | D:9      | Reached ***** piety under Trog
  8532 | D:9      | Found a staircase to the Lair.
  8636 | D:9      | Reached skill level 5 in Evocations
  9040 | D:10     | Entered Level 10 of the Dungeon
  9355 | D:10     | Found Gobikluh's Book Emporium.
  9376 | D:10     | Reached XP level 11. HP: 99/99 MP: 10/10
  9834 | D:10     | Found a staircase to the Orcish Mines.
  9875 | D:10     | Received a gift from Trog
  9881 | D:10     | Reached skill level 10 in Fighting
  9902 | D:10     | Reached skill level 10 in Polearms
 10289 | D:11     | Found a frozen archway.
 10306 | D:11     | Noticed a two-headed ogre
 10312 | D:11     | Killed a two-headed ogre
 10322 | IceCv    | Entered an ice cave
 11026 | IceCv    | Reached skill level 10 in Armour
 11448 | IceCv    | Noticed a reaper
 11457 | IceCv    | Killed a reaper
 12289 | D:11     | Found a stormy altar of Qazlal.
 12331 | D:11     | Noticed a two-headed ogre
 12337 | D:11     | Killed a two-headed ogre
 12668 | D:11     | Reached XP level 12. HP: 108/108 MP: 11/11
 13282 | Lair:1   | Entered Level 1 of the Lair of Beasts
 13888 | Lair:1   | Reached skill level 10 in Dodging
 13948 | Lair:1   | Noticed Gastronok
 13957 | Lair:1   | Killed Gastronok
 14314 | Lair:1   | Found a runed translucent door.
 14314 | Lair:1   | Found a shimmering altar of Xom.
 14314 | Lair:1   | Noticed jujuben's ghost (journeyman TrWr)
 14725 | Lair:2   | Found a hole to the Spider Nest.
 15433 | Lair:2   | Found a staircase to the Swamp.
 15569 | Lair:2   | Noticed a catoblepas
 15582 | Lair:2   | Killed a catoblepas
 15583 | Lair:2   | Reached XP level 13. HP: 108/118 MP: 12/12
 16479 | Lair:3   | Reached skill level 10 in Shields
 17492 | Lair:4   | Found a staircase to the Slime Pits.
 17651 | Lair:4   | Received a gift from Trog
 17994 | Lair:4   | Noticed Rupert
 18000 | Lair:4   | Paralysed by Rupert for 3 turns
 18013 | Lair:4   | Killed Rupert
 18859 | Lair:5   | Entered Level 5 of the Lair of Beasts
 18908 | Lair:5   | Reached XP level 14. HP: 102/129 MP: 13/13
 18940 | Lair:5   | Received a gift from Trog
 18952 | Lair:5   | Slain by a spriggan rider

Illustrated notes

Levels and vault maps discovered:
D:1:      roderic_chinese_lattice_arrival, layout_basic, serial_shops, shop,
          shop, shop
D:2:      layout_rooms, basic_altar, shapermc_ecumenical_altar_notcrosses,
          kennysheep_crisscross, grunt_decor_mini_mirrors
D:3:      minmay_chambers_of_twos, layout_basic,
          mainiacjoe_overflow_divided_tiny, minmay_misc_feat_enclosed,
          minivault_4
D:4:      layout_basic
D:5:      layout_loops_ring
D:6:      layout_basic, minmay_temple_entry_mini_moons, gammafunk_ghost_arena,
          hangedman_decor_peaks_small, feat_on_display
D:7:      layout_rooms, serial_shops, nicolae_shop_behind_doors,
          minmay_diced_spiral, uniq_joseph, uniq_duvessa
D:8:      layout_basic, kennysheep_generic_room_6, uniq_psyche
D:9:      layout_long_grid, grunt_lair_entry_orc_guard_hut, special_room
          [special_room_bee]
D:10:     layout_irregular_city, kennysheep_orc_monster_closet_entryway,
          serial_shops, nicolae_shop_competitors_out_of_business
D:11:     layout_stronghold, portal_ice_cave_entry_ice_simulacra,
          nicolae_qazlal_general_emergency
Lair:1:   layout_regular_city, ebering_ghost_xom, minmay_holes,
          nicolae_quartered_pool_little, chequers_serial_rivers_marsh,
          uniq_gastronok
Lair:2:   layout_chaotic_city, minmay_swamp_entry_worms,
          nicolae_spider_entry_orb_guardian, beast_lair_carwin_10,
          serial_bayou_shore_b
Lair:3:   layout_layer_cave, nicolae_lair_grazing_beasts
          [nicolae_sub_lair_graze_edge, nicolae_sub_lair_graze_edge,
          nicolae_sub_lair_graze_edge, nicolae_sub_lair_graze_edge],
          lemuel_fruit_tree, infiniplex_staircase_pool
Lair:4:   layout_small_grid, minmay_slime_entry_jelly_boxes, uniq_rupert
Lair:5:   minmay_lair_end_enchanted_forest, layout_hall_layers, ldierk_geyser

Skill      XL: |  1  2  3  4  5  6  7  8  9 10 11 12 13 14 |
---------------+-------------------------------------------+-----
Polearms       | 4 5 6 7 8 9 10 12 13 | 13.2
Fighting       | 4 5 6 7 8 9 10 12 13 | 13.2
Armour         | 3 4 5 6 7 8 9 10 11 12 13 | 13.0
Dodging        | 3 4 5 6 7 8 9 10 11 | 11.8
Shields        | 2 5 6 8 9 11 | 11.3
Evocations     | 2 3 5 6 7 8 |  8.7

Action                     |  1- 3 |  4- 6 |  7- 9 | 10-12 | 13-15 || total
---------------------------+-------+-------+-------+-------+-------++-------
  Melee: Spear             |    95 |       |       |       |       ||    95
         Headbutt          |     9 |    12 |    48 |   120 |    48 ||   237
         Short sword       |     3 |   124 |   244 |   367 |       ||   738
         Punch             |     1 |       |       |       |       ||     1
         Bardiche          |       |       |       |   295 |   298 ||   593
 Invoke: Berserk           |       |     1 |     3 |     2 |     1 ||     7
         Trog's Hand       |       |       |     1 |     1 |     3 ||     5
         Brothers in Arms  |       |       |       |     4 |       ||     4
Ability: Evoke Invisibilit |       |       |       |     1 |       ||     1
    Use: Scroll            |       |       |    22 |     1 |       ||    23
         Potion            |       |       |       |       |     1 ||     1
   Stab: Petrifying        |       |       |       |       |     1 ||     1
 Armour: Animal skin       |     4 |       |       |       |       ||     4
         Leather armour    |    14 |    28 |    18 |       |       ||    60
         Scale mail        |       |       |    21 |       |    41 ||    62
         Plate armour      |       |       |    36 |   325 |       ||   361
         Ice dragon scales |       |       |       |   100 |   110 ||   210
  Dodge: Dodged            |    34 |    79 |    96 |   419 |   232 ||   860
  Block: Buckler           |     1 |    12 |    30 |   100 |       ||   143
